Map: Lerilak Crest

Players

DRAKE

  • Race: Protoss Protoss

Miltreta

  • Race: Terran Terran
  • League: Bronze

VOD

Have the link to the VOD?

Description

Time

  • Played on: March 16, 2016, 8:59 p.m.
  • Length: 9:56
Show
View Real Time Build Order
Export as new Build Order

DRAKE Protoss 

Build Orders:  

Get SALT Encoding   

  12  0:01  Probe (Chrono Boost)  
  13  0:12  Probe (Chrono Boost)  
  14  0:22  Pylon  
  14  0:23  Probe (Chrono Boost)  
  15  0:41  Probe (Chrono Boost)  
  16  0:47  Gateway  
  16  0:51  Probe (Chrono Boost)  
  16  0:56  Assimilator  
  17  1:01  Assimilator  
  17  1:02  Probe (Chrono Boost)  
  18  1:12  Probe (Chrono Boost)  
  19  1:42  Zealot  
  19  1:44  Probe (Chrono Boost)  
  22  1:54  Cybernetics Core  
  22  1:55  Probe (Chrono Boost)  
  23  2:06  Pylon  
  23  2:10  Nexus  
  23  2:24  Zealot  
  23  2:25  Probe (Chrono Boost)  
  26  2:35  Probe (Chrono Boost)  
  27  2:37  Pylon  
  27  2:46  Probe (Chrono Boost)  
  28  2:55  Warp Gate  
  28  2:56  Probe (Chrono Boost)  
  28  2:57  Stalker  
  31  3:07  Probe (Chrono Boost)  
  32  3:17  Probe (Chrono Boost)  
  33  3:26  Stalker  
  35  3:37  Gateway  
  35  3:39  Probe (Chrono Boost)  
  35  3:40  Probe (Chrono Boost)  
  37  3:45  Gateway  
  37  3:47  Robotics Facility  
  37  3:50  Probe x2 (Chrono Boost)  
  39  4:16  Assimilator  
  39  4:21  Zealot (Chrono Boost)  
  39  4:22  Assimilator  
  41  4:35  Probe  
  41  4:37  Probe  
  43  4:46  Probe  
  43  4:49  Probe  
  45  4:54  Pylon  
  45  4:56  Probe  
  45  4:57  Pylon  
  46  5:00  Pylon  
  46  5:01  Probe  
  46  5:03  Pylon  
  51  5:07  Probe  
  51  5:13  Probe  
  53  5:18  Probe  
  54  5:27  Immortal (Chrono Boost)  
  54  5:35  Stalker x2  
  58  5:39  Probe  
  58  5:40  Probe  
  60  5:47  Zealot  
  62  5:52  Probe  
  63  6:03  Gateway  
  63  6:05  Zealot, Gateway  
  63  6:06  Zealot  
  63  6:10  Pylon  
  63  6:11  Pylon, Immortal (Chrono Boost)  
  71  6:12  Pylon  
  71  6:19  Zealot  
  73  6:30  Twilight Council  
  73  6:35  Zealot x2  
  77  6:44  Zealot  
  77  6:45  Immortal (Chrono Boost)  
  83  7:02  Stalker x2  
  83  7:08  Charge  
  87  7:14  Sentry x3  
  93  7:26  Observer (Chrono Boost)  
  94  7:40  Forge  
  94  7:42  Forge  
  94  7:44  Zealot x3  
  96  7:45  Immortal (Chrono Boost), Zealot  
  105  8:05  Stalker x2  
  109  8:36  Nexus  
  109  8:40  Pylon  
  109  8:42  Pylon  
  109  8:46  Pylon  
  77  9:04  Stalker x2  
  77  9:05  Stalker x3  
  79  9:42  Stalker x4  
  79  9:43  Stalker  
Show
View Real Time Build Order
Export as new Build Order

Miltreta Terran 

Build Orders: MMM Bio 

Get SALT Encoding   

  12  0:01  SCV  
  13  0:15  Supply Depot  
  13  0:18  SCV  
  14  0:28  Refinery  
  14  0:31  SCV  
  15  0:43  Barracks  
  15  0:48  SCV  
  16  1:02  Supply Depot  
  17  1:04  SCV  
  17  1:17  SCV  
  18  1:31  SCV  
  19  1:33  Barracks Tech Lab  
  19  1:45  Factory, SCV  
  20  1:52  Refinery  
  20  1:58  Marauder  
  22  2:06  SCV  
  23  2:19  Marine  
  24  2:23  Orbital Command  
  24  2:53  Factory Tech Lab, Command Center  
  24  2:59  Marine  
  24  3:00  Stimpack  
  26  3:05  SCV  
  26  3:15  Siege Tank  
  29  3:27  Starport  
  29  3:28  SCV  
  30  3:54  Barracks  
  30  3:55  Barracks  
  30  3:56  Barracks  
  30  4:01  Marine  
  31  4:20  Medivac  
  33  4:27  Marine  
  34  4:33  Cyclone  
  34  4:37  SCV  
  40  4:45  Marauder  
  40  4:46  Orbital Command  
  40  4:49  SCV  
  41  4:58  Barracks Reactor  
  41  5:00  Barracks Reactor, Refinery  
  41  5:01  Starport Reactor  
  41  5:04  Marine  
  44  5:07  Hellion  
  44  5:40  Engineering Bay  
  44  5:41  Engineering Bay  
  44  5:43  Barracks Tech Lab  
  44  5:45  Marine x2  
  46  5:56  Supply Depot x2  
  46  5:58  Supply Depot  
  46  6:07  Medivac, Marine x2  
  50  6:28  Marine x4  
  50  6:30  Medivac  
  56  6:33  SCV x2  
  56  6:50  Refinery  
  56  6:53  Terran Infantry Weapons Level 1, Terran Infantry Armor Level 1  
  56  6:56  Marine x3  
  56  6:57  Marine  
  60  7:01  Medivac  
  62  7:11  Siege Tank  
  62  7:12  Combat Shields  
  65  7:16  Concussive Shells  
  65  7:26  SCV x2, Starport  
  67  7:41  Barracks  
  67  7:53  Missile Turret  
  67  7:58  Missile Turret  
  67  8:00  Marine  
  67  8:01  Marine x3  
  71  8:13  Supply Depot  
  71  8:15  Supply Depot  
  71  8:21  Marine x4  
  74  8:45  Liberator  
  57  8:55  Marine x4  
  41  8:56  Marine  
  41  9:00  Marine  
  32  9:12  Siege Tank  
  32  9:13  Marine x2  
  37  9:19  Marine x2  
Tags
 
Composition
MMM Bio
League
Bronze
Matchup
PvT
Add a new tag
Caveats
  • Supply blocks, unpowered buildings, or Contaminate may cause inaccurate times.
  • Supply counts are checked every 10 seconds.